Map: [ESL] Royal Blood

Players

Oliveira

  • Race: Terran Terran
  • Spawn Location: 7:00

Firefly - Winner!

  • Race: Protoss Protoss
  • Spawn Location: 1:00

Event: ESL SC2 Masters 2023 Summer (Regionals)

VOD

Have the link to the VOD?

Description

Time

  • Played on: May 6, 2023, 8:05 a.m.
  • Length: 14:13

All games in this series

Show
View Real Time Build Order
Export as new Build Order

Oliveira Terran 

Build Orders: Liberator Opening 

Get SALT Encoding   

  12  0:00  SCV  
  13  0:12  SCV  
  14  0:17  Supply Depot  
  14  0:24  SCV  
  15  0:39  SCV  
  15  0:40  Barracks  
  16  0:43  Refinery  
  16  0:51  SCV  
  17  1:03  SCV  
  18  1:15  SCV  
  19  1:27  Marine  
  19  1:29  Orbital Command  
  20  1:45  Command Center  
  20  1:47  Barracks Reactor  
  20  1:54  Supply Depot  
  20  1:57  SCV  
  21  2:09  SCV, Factory  
  22  2:19  Refinery  
  22  2:21  SCV  
  23  2:23  Marine x2  
  25  2:33  SCV  
  26  2:41  Reaper x2  
  28  2:45  SCV  
  29  2:53  Hellion  
  29  2:57  SCV  
  32  3:00  Orbital Command  
  32  3:01  Starport  
  32  3:09  SCV  
  33  3:13  Marine x2  
  33  3:15  Factory Tech Lab  
  35  3:24  SCV  
  35  3:26  SCV  
  37  3:30  Marine  
  37  3:31  Marine, Supply Depot  
  39  3:36  SCV  
  39  3:38  SCV  
  39  3:40  Siege Tank  
  42  3:48  Marine x2  
  42  3:52  Liberator  
  42  3:53  SCV  
  47  3:59  SCV  
  45  4:03  Bunker  
  45  4:04  Supply Depot  
  45  4:06  Marine x2  
  45  4:08  SCV  
  48  4:11  SCV  
  48  4:14  Siege Tank  
  52  4:21  Barracks  
  52  4:23  SCV  
  52  4:24  SCV  
  54  4:26  Marine x2  
  54  4:30  Barracks  
  56  4:35  SCV  
  56  4:36  SCV  
  58  4:39  Supply Depot  
  58  4:41  Starport Tech Lab  
  58  4:44  Engineering Bay  
  58  4:46  Marine x2  
  58  4:49  SCV x2  
  62  4:54  Refinery  
  62  5:01  SCV x2, Supply Depot  
  62  5:03  Marine  
  62  5:04  Marine  
  66  5:12  Terran Infantry Weapons Level 1  
  66  5:13  SCV x2  
  68  5:14  Factory Reactor  
  68  5:16  Stimpack  
  68  5:17  Marine  
  69  5:21  Marine  
  69  5:23  Marine, Refinery  
  69  5:24  Combat Shield, Supply Depot  
  69  5:25  SCV  
  69  5:26  SCV  
  73  5:29  Marauder  
  73  5:32  Supply Depot  
  73  5:34  Starport Reactor  
  75  5:36  Marauder  
  75  5:38  SCV  
  78  5:42  Supply Depot  
  78  5:45  Marine x2, SCV  
  81  5:50  Marauder  
  81  5:53  Widow Mine  
  81  5:54  Widow Mine  
  87  5:57  Marauder  
  87  5:58  Supply Depot  
  87  6:01  Supply Depot  
  87  6:03  SCV  
  90  6:04  Marine x2  
  90  6:10  Medivac  
  90  6:11  Medivac  
  96  6:12  Marauder  
  96  6:16  Widow Mine  
  96  6:17  Widow Mine  
  102  6:20  Marauder  
  102  6:22  Marine x2  
  106  6:26  Supply Depot  
  106  6:33  Marauder  
  108  6:40  Marine, Medivac  
  108  6:41  Medivac  
  108  6:43  Widow Mine x2  
  117  6:53  Supply Depot  
  117  6:58  Marine x2  
  117  6:59  Marauder x2, Command Center  
  123  7:02  Supply Depot  
  123  7:06  SCV  
  103  7:16  Marine x2  
  103  7:18  Viking  
  103  7:19  Viking  
  105  7:25  Factory Tech Lab  
  105  7:29  Barracks  
  105  7:31  Barracks, Marauder x2  
  105  7:33  SCV x2  
  105  7:36  Terran Infantry Armor Level 1  
  111  7:40  Marine x2  
  116  7:44  Siege Tank  
  116  7:47  SCV x2  
  118  7:54  Viking  
  118  7:55  Viking  
  124  7:58  Marauder  
  124  8:02  Marauder  
  124  8:04  SCV x2  
  128  8:07  Concussive Shells  
  127  8:16  SCV  
  127  8:18  Siege Tank  
  130  8:21  Marine x2  
  130  8:22  Barracks Tech Lab  
  130  8:23  SCV  
  130  8:25  Marauder  
  134  8:32  Marine x2, Supply Depot  
  134  8:33  Missile Turret  
  136  8:35  Marauder  
  136  8:39  Supply Depot  
  136  8:40  Orbital Command  
  138  8:42  SCV x2  
  144  8:48  Marauder x2  
  144  8:53  Marine x2, Siege Tank  
  149  8:56  SCV x2  
  149  8:59  Marauder  
  149  9:01  Viking  
  155  9:05  Supply Depot  
  155  9:06  SCV  
  156  9:16  Marine  
  126  9:18  Marine x2, Marauder  
  118  9:26  Marine, Marauder  
  100  9:33  Marauder  
  100  9:34  Marine, Siege Tank  
  100  9:38  Marine x2  
  100  9:40  Marauder, SCV  
  100  9:41  Viking  
  100  9:42  SCV, Viking  
  100  9:45  SCV  
  106  9:48  Marine x2  
  106  9:52  SCV  
  109  9:53  Missile Turret  
  109  9:54  Marine  
  109  9:56  Marauder  
  109  9:57  Supply Depot  
  109  9:58  Marine, Ghost Academy  
  109  9:59  Marine  
  114  10:01  Marauder  
  114  10:02  SCV  
  114  10:04  SCV x2  
  114  10:06  Marauder, Marine  
  122  10:10  Siege Tank  
  122  10:13  Marine  
  126  10:14  Supply Depot  
  126  10:15  Viking  
  126  10:18  Viking  
  126  10:20  SCV  
  133  10:22  SCV x2  
  133  10:23  Marine  
  133  10:24  Marine  
  139  10:30  Ghost x3  
  139  10:34  Refinery  
  139  10:35  Marine x2, Refinery  
  141  10:44  Engineering Bay  
  141  10:45  Armory, Siege Tank  
  141  10:47  Viking  
  141  10:49  Marine x2  
  148  10:57  Viking  
  149  11:06  Command Center  
  149  11:10  Ghost  
  148  11:12  Marauder x2, SCV  
  148  11:13  SCV  
  148  11:16  SCV  
  154  11:21  Widow Mine, Bunker  
  154  11:22  Medivac, Sensor Tower  
  154  11:23  Marine  
  154  11:24  Marine x2  
  161  11:31  Supply Depot x2  
  161  11:34  Supply Depot  
  161  11:38  Medivac  
  161  11:39  Marauder  
  165  11:41  Ghost  
  165  11:42  SCV  
  168  11:50  Marine x2  
  168  11:52  Widow Mine  
  168  11:53  Terran Infantry Weapons Level 2  
  172  11:59  SCV  
  173  12:06  Liberator  
  178  12:08  Marauder  
  178  12:13  SCV x2  
  178  12:16  Marauder  
  178  12:17  SCV  
  179  12:25  SCV, Missile Turret  
  179  12:26  Missile Turret  
  179  12:27  Ghost  
  181  12:33  Marine  
  181  12:34  Marine, Supply Depot, Marauder  
  181  12:35  Widow Mine  
  181  12:36  Missile Turret  
  187  12:38  Drilling Claws  
  186  12:55  Missile Turret  
  186  12:57  Planetary Fortress  
  186  12:58  Marine x2, Marauder  
  189  13:02  Widow Mine  
  191  13:25  Marine  
  191  13:26  Marine, Marauder  
  191  13:32  Marine, Marauder  
  163  13:34  Marine  
  163  13:35  Marauder  
  130  13:43  Marine x2  
  130  13:46  Widow Mine  
  130  13:47  Marine  
  125  13:49  SCV x2  
  125  13:53  SCV x2  
  125  13:54  Marine x2  
Show
View Real Time Build Order
Export as new Build Order

Firefly Protoss - Winner!

Build Orders: 1 Gate Expand, Colossus Rush 

Get SALT Encoding   

  12  0:00  Probe  
  13  0:12  Probe  
  14  0:17  Pylon  
  14  0:24  Probe  
  15  0:35  Gateway  
  15  0:37  Probe (Chrono Boost)  
  16  0:46  Probe (Chrono Boost), Assimilator  
  17  0:51  Probe (Chrono Boost)  
  18  1:03  Probe  
  19  1:15  Probe  
  20  1:22  Cybernetics Core  
  20  1:33  Nexus  
  20  1:39  Pylon  
  20  1:42  Probe (Chrono Boost)  
  21  1:50  Assimilator  
  22  1:54  Probe (Chrono Boost)  
  22  1:59  Warp Gate  
  22  2:02  Probe (Chrono Boost)  
  22  2:04  Adept  
  25  2:08  Probe  
  26  2:21  Probe (Chrono Boost)  
  27  2:25  Gateway  
  27  2:33  Probe (Chrono Boost)  
  27  2:34  Stalker  
  30  2:43  Probe (Chrono Boost)  
  31  2:47  Probe (Chrono Boost)  
  33  2:53  Probe (Chrono Boost)  
  33  2:54  Probe (Chrono Boost)  
  34  2:59  Probe x2 (Chrono Boost)  
  34  3:04  Sentry  
  38  3:11  Probe x2  
  40  3:20  Robotics Facility  
  40  3:23  Probe, Gateway  
  40  3:24  Probe  
  42  3:34  Nexus  
  42  3:35  Probe  
  42  3:36  Probe  
  44  3:49  Pylon  
  44  3:51  Pylon  
  42  4:04  Pylon, Assimilator  
  42  4:05  Pylon, Assimilator  
  42  4:07  Probe x2 (Chrono Boost)  
  42  4:08  Observer  
  45  4:10  Robotics Bay  
  45  4:14  Twilight Council  
  45  4:18  Forge  
  45  4:19  Probe x2 (Chrono Boost)  
  47  4:24  Stalker  
  47  4:26  Stalker  
  47  4:27  Probe x2 (Chrono Boost)  
  47  4:31  Observer  
  54  4:33  Probe  
  54  4:34  Probe  
  54  4:36  Protoss Ground Weapons Level 1 (Chrono Boost)  
  56  4:46  Probe, Gateway  
  56  4:47  Probe x2, Gateway  
  56  4:49  Blink (Chrono Boost)  
  59  4:58  Probe  
  59  4:59  Probe  
  61  5:01  Probe  
  61  5:04  Colossus  
  62  5:10  Probe  
  62  5:12  Probe, Shield Battery  
  62  5:13  Probe  
  71  5:22  Probe  
  71  5:23  Extended Thermal Lance  
  72  5:33  Gateway x2  
  72  5:37  Gateway  
  72  5:39  Gateway  
  72  5:42  Pylon  
  72  5:43  Probe x3  
  72  5:48  Sentry  
  77  5:52  Pylon  
  77  5:55  Probe x2  
  77  5:56  Shield Battery  
  79  5:57  Pylon, Colossus (Chrono Boost)  
  79  6:01  Observer  
  85  6:06  Stalker  
  85  6:08  Shield Battery  
  87  6:17  Assimilator  
  87  6:20  Probe x3  
  87  6:21  Shield Battery  
  90  6:27  Stalker x3  
  90  6:28  Pylon  
  90  6:32  Stalker x2  
  98  6:36  Probe x2, Assimilator  
  98  6:37  Protoss Ground Weapons Level 2 (Chrono Boost)  
  102  6:47  Zealot x3  
  108  6:58  Stalker x3  
  111  7:02  Stalker x2  
  115  7:11  Zealot x3  
  105  7:19  Probe x3  
  105  7:21  Charge  
  108  7:24  Templar Archives  
  108  7:26  Pylon  
  108  7:29  Pylon, Stalker x2  
  112  7:30  Zealot  
  112  7:33  Zealot  
  112  7:36  Pylon  
  116  7:43  Observer (Chrono Boost)  
  117  7:46  Photon Cannon  
  117  7:52  Forge  
  117  7:56  Warp Prism (Chrono Boost)  
  119  7:59  Pylon  
  119  8:01  High Templar x2  
  119  8:02  Zealot x4  
  119  8:05  Zealot, Archon  
  133  8:06  Zealot  
  135  8:23  Stalker x3  
  135  8:24  Stalker  
  135  8:26  Zealot  
  145  8:27  High Templar  
  145  8:33  High Templar  
  149  8:35  Protoss Ground Armor Level 1 (Chrono Boost)  
  149  8:39  Pylon  
  149  8:40  Pylon  
  149  8:42  Pylon  
  148  8:53  Archon  
  148  8:54  Nexus  
  148  8:58  High Templar x2  
  148  8:59  Zealot x5  
  148  9:02  Archon  
  115  9:22  Zealot x5  
  115  9:23  Zealot  
  95  9:33  Probe x3  
  95  9:37  Sentry  
  95  9:38  Zealot  
  102  9:39  Colossus (Chrono Boost)  
  102  9:45  Probe x3  
  105  9:46  Protoss Ground Weapons Level 3 (Chrono Boost)  
  105  9:48  High Templar x4  
  105  9:49  Zealot x3  
  105  9:52  Archon x2  
  117  9:54  Zealot  
  117  9:55  Zealot  
  117  9:57  Probe  
  117  9:59  Gateway x2  
  118  10:04  Probe x2  
  118  10:06  Probe  
  121  10:09  Probe  
  121  10:11  Adept  
  121  10:12  Adept  
  126  10:15  Pylon  
  126  10:16  Probe  
  126  10:19  Protoss Ground Armor Level 2 (Chrono Boost)  
  126  10:20  Zealot x4  
  135  10:23  Disruptor (Chrono Boost)  
  138  10:32  Nexus  
  134  10:44  Zealot x5  
  134  10:46  High Templar x2  
  134  10:47  Zealot  
  150  10:50  Archon  
  150  10:51  Robotics Facility  
  150  11:08  Zealot x2  
  150  11:09  Zealot x4  
  150  11:10  Adept x2  
  166  11:12  Disruptor (Chrono Boost)  
  165  11:26  Probe x2  
  165  11:27  Probe x2  
  165  11:28  Shield Battery  
  165  11:29  High Templar x2, Pylon, Zealot x4  
  165  11:30  Zealot x2  
  185  11:36  Archon  
  185  11:41  Disruptor x2 (Chrono Boost)  
  185  11:42  Pylon  
  191  11:47  Zealot x2  
  191  11:49  Pylon  
  191  11:51  Shield Battery  
  191  11:53  Pylon x2  
  195  11:56  Shield Battery  
  193  12:06  High Templar x2, Zealot  
  199  12:11  Archon  
  199  12:15  Gateway  
  199  12:16  Gateway, Photon Cannon  
  199  12:17  Gateway  
  199  12:20  Zealot, Gateway  
  197  12:23  Photon Cannon  
  197  12:27  Nexus  
  193  12:46  Zealot x3  
  197  13:13  Gateway  
  197  13:15  Gateway  
  197  13:19  Gateway  
  178  13:29  Zealot x12  
  178  13:30  Zealot x2  
  130  13:51  Stalker x4  
  130  13:52  Zealot, Stalker x7  
  130  13:53  Zealot  
Tags
 
Add a new tag
Caveats
  • Supply blocks, unpowered buildings, or Contaminate may cause inaccurate times.
  • Supply counts are checked every 10 seconds.